 Dungeon Crawl Stone Soup version 0.30-a0-802-gb92711bcdf (webtiles) character file.

Game seed: 7163414776164634693

275958 cforsyth the Acrobat (level 21, -2/130 HPs)
             Began as a Kobold Brigand on Feb 25, 2023.
             Was the Champion of Hepliaklqana.
             Slain by a vault warden
             ... wielding a +0 battleaxe of flaming
              (3 damage)
             ... on level 2 of the Vaults.
             The game lasted 01:31:02 (43790 turns).

cforsyth the Acrobat (Kobold Brigand)              Turns: 43790, Time: 01:31:02

Health: -2/130     AC: 16    Str: 12    XL:     21   Next: 21%
Magic:  0/35       EV: 37    Int: 12    God:    Hepliaklqana [******]
Gold:   2160       SH:  0    Dex: 25    Spells: 20/20 levels left

rFire   + + .      SeeInvis .    a - +8 quick blade (elec)
rCold   + . .      Faith    .    (no shield)
rNeg    + . .      Spirit   +    t - +4 moon troll leather armour {Spirit, Regen++ MP+5}
rPois   +          Reflect  .    E - +0 helmet
rElec   +          Harm     .    c - +2 ratskin cloak {*Rats rPois rN+ Str-1 Int-1 Dex+1}
rCorr   .          Rampage  .    o - +0 pair of gloves
Will    ++...                    D - +2 pair of boots of the Blind Marksman {Drain MP+9 Int+3 Stlth+} Stlth *+++++++++
                                 f - amulet "Saakladu" {rElec rPois Regen+ Str+3 Int-4}
HPRegen 2.81/turn                k - ring of willpower
MPRegen 0.24/turn                d - ring of Equilibrium {rF++ rC+}

@: about to teleport, studying 2 skills
A: reduced essence, small, no large weapons, nightstalker 3
}: 2/15 runes: decaying, serpentine
a: Renounce Religion, Recall Ancestor, Ancestor Identity, Transference, Idealise


You were on level 2 of the Vaults.
You worshipped Hepliaklqana.
Hepliaklqana was exalted by your worship.
You visited 7 branches of the dungeon, and saw 33 of its levels.
You also visited: Ossuary, Bailey, Gauntlet and Volcano.

You collected 4769 gold pieces.
You spent 2609 gold pieces at shops.

Inventory:

Hand Weapons
 a - a +8 quick blade of electrocution (weapon)
 b - the +3 greatsling "Punk" {acid, rCorr}
   (You took it off a centaur warrior on level 9 of the Dungeon)

   rCorr:     It protects you from acid and corrosion.
Missiles
 e - 13 curare-tipped darts (quivered)
 n - 3 throwing nets
 W - 3 atropa-tipped darts
Armour
 c - the +2 ratskin cloak (worn) {*Rats rPois rN+ Str-1 Int-1 Dex+1}
   (You found it in a Gauntlet)

   *Rats:     When the wearer is hurt, rats may emerge from it to assist them.
   Str:       It affects your strength (-1).
   Int:       It affects your intelligence (-1).
   Dex:       It affects your dexterity (+1).
   rPois:     It protects you from poison.
   rN:        It protects you from negative energy.
 o - a +0 pair of gloves (worn)
 t - the +4 moon troll leather armour (worn) {Spirit, Regen++ MP+5}
   (You bought it in a shop on level 7 of the Dungeon)

   MP:        It affects your magic capacity (+5).
   Regen:     It increases your rate of health regeneration.
 D - the +2 pair of boots of the Blind Marksman (worn) {Drain MP+9 Int+3 Stlth+}
   (You found it in a volcano)

   Int:       It affects your intelligence (+3).
   MP:        It affects your magic capacity (+9).
   Drain:     It drains your maximum health when unequipped.
   Stlth:     It makes you more stealthy.
 E - a +0 helmet (worn)
Jewellery
 d - the ring of Equilibrium (right hand) {rF++ rC+}
   (You found it on level 4 of the Snake Pit)

   [ring of protection from cold]

   rF:        It greatly protects you from fire.
   rC:        It protects you from cold.
 f - the amulet "Saakladu" (around neck) {rElec rPois Regen+ Str+3 Int-4}
   (You bought it in a shop on level 1 of the Snake Pit)

   [amulet of regeneration]

   Str:       It affects your strength (+3).
   Int:       It affects your intelligence (-4).
   rElec:     It insulates you from electricity.
   rPois:     It protects you from poison.
   Regen:     It increases your rate of health regeneration.
 k - a ring of willpower (left hand)
 z - a ring of resist corrosion
 H - a ring of protection from cold
 N - a +4 ring of slaying
 O - the ring "Muytoab" {rF+ Str+2 Dex-4 Stlth+}
   (You took it off a centaur warrior on level 9 of the Dungeon)

   [ring of protection from fire]

   Str:       It affects your strength (+2).
   Dex:       It affects your dexterity (-4).
   rF:        It protects you from fire.
   Stlth:     It makes you more stealthy.
 P - the ring "Avinita" {rC+ rN+ Dex+5}
   (You found it on level 5 of the Lair of Beasts)

   [ring of positive energy]

   Dex:       It affects your dexterity (+5).
   rC:        It protects you from cold.
   rN:        It protects you from negative energy.
 U - a ring of flight
Wands
 q - a wand of digging (12)
 s - a wand of roots (57)
 y - a wand of charming (46)
 C - a wand of polymorph (23)
 F - a wand of acid (7)
Scrolls
 h - 4 scrolls of amnesia
 p - 14 scrolls of teleportation
 r - 10 scrolls of poison
 u - 7 scrolls of magic mapping
 w - 5 scrolls of fog
 J - 3 scrolls of blinking
 L - 2 scrolls of silence
 M - 2 scrolls of summoning
 Q - 2 scrolls of torment
 R - 4 scrolls of brand weapon
 T - 4 scrolls of fear
 V - 5 scrolls of enchant armour
 X - 6 scrolls of vulnerability
Potions
 g - 2 potions of magic
 i - 2 potions of ambrosia
 j - 2 potions of brilliance
 l - 8 potions of attraction
 m - 17 potions of curing
 v - 9 potions of might
 x - 11 potions of flight
 A - 10 potions of heal wounds
 B - 3 potions of haste
 G - 4 potions of lignification
 I - 5 potions of berserk rage
 K - 5 potions of resistance
 S - 5 potions of invisibility
 Y - 9 potions of mutation
 Z - 3 potions of cancellation


   Skills:
 + Level 19.8 Fighting
 - Level 21.2 Short Blades
 - Level 14.0 Ranged Weapons
 - Level 2.1 Throwing
 + Level 23.4 Dodging
 - Level 23.3 Stealth
 - Level 10.0 Shields


You had 20 spell levels left.
You didn't know any spells.
Your spell library contained the following spells:

 Spells                   Type           Power      Damage    Failure   Level
 Apportation              Tloc           0%         N/A       38%         1
 Necrotise                Necr           0%         1d4       38%         1
 Sting                    Tmut/Pois      0%         1d3       38%         1
 Summon Small Mammal      Summ           0%         N/A       38%         1
 Scorch                   Fire           0%         2d5       54%         2
 Confusing Touch          Hex            0%         N/A       77%         3
 Dazzling Flash           Conj/Hex       0%         N/A       77%         3
 Ignite Poison            Fire/Tmut/Pois 0%         N/A       77%         3
 Inner Flame              Hex/Fire       0%         N/A       77%         3
 Kindle Blastsparks       Fire/Tloc/Air  0%         2d10      77%         3
 Stone Arrow              Conj/Erth      0%         3d7       77%         3
 Summon Guardian Golem    Hex/Summ       0%         N/A       77%         3
 Swiftness                Air            0%         N/A       77%         3
 Vampiric Draining        Necr           0%         2d6       77%         3
 Airstrike                Air            0%         2d(0-16)  99%         4
 Cause Fear               Hex            0%         N/A       99%         4
 Flame Wave               Conj/Fire      0%         2d4       99%         4
 Iskenderun's Mystic Bla  Conj/Tloc      0%         2d3       99%         4
 Passage of Golubria      Tloc           0%         N/A       99%         4
 Petrify                  Tmut/Erth      0%         N/A       99%         4
 Sticky Flame             Conj/Fire      0%         2d3       99%         4
 Summon Lightning Spire   Summ/Air       0%         N/A       99%         4
 Agony                    Necr           0%         N/A       100%        5
 Freezing Cloud           Conj/Ice/Air   0%         6-21      100%        5
 Iskenderun's Battlesphe  Conj           0%         2d6       100%        5
 Metabolic Englaciation   Hex/Ice        0%         N/A       100%        5
 Iron Shot                Conj/Erth      0%         9d1       100%        6
 Starburst                Conj/Fire      0%         6d3       100%        6
 Statue Form              Tmut/Erth      0%         N/A       100%        6
 Summon Cactus Giant      Summ           0%         N/A       100%        6
 Dragon Form              Tmut           0%         N/A       100%        7
 Malign Gateway           Summ/Tloc      0%         N/A       100%        7
 Spellforged Servitor     Conj/Summ      0%         N/A       100%        7
 Summon Horrible Things   Summ           0%         N/A       100%        8
 Dragon's Call            Summ           0%         N/A       100%        9


Dungeon Overview and Level Annotations

Branches:
Dungeon (15/15)            Temple (1/1) D:5            Lair (5/5) D:9
  Swamp (4/4) Lair:3        Snake (4/4) Lair:3        Slime (0/5) Lair:5
    Orc (2/2) D:11            Elf (0/3) Orc:2        Vaults (2/5) D:14
  Crypt (0/3) Vaults:2     Depths (0/4) D:15        Ossuary (visited)
 Bailey (visited)         Volcano (visited)         Gauntlet (visited)

Altars:
Ashenzari
Cheibriados
Dithmenos
Elyvilon
Fedhas
Gozag
Hepliaklqana
Kikubaaqudgha
Makhleb
Nemelex Xobeh
Okawaru
Sif Muna
Trog
Uskayaw
Vehumet
Wu Jian
Xom
Yredelemnul
Zin
The Shining One

Shops:
D:2 :   D:4 ?   D:7 (([[   D:8 [   D:11 [   Orc:2 (?**:   Snake:1 =:=
Snake:2 :


Innate Abilities, Weirdness & Mutations

Your life essence is reduced to manifest your ancestor. (-10% HP)
You are small and have problems with some larger weapons.
You are completely attuned to the shadows.


Message History

Lightning courses through the vault warden!
The vault warden is severely wounded.
The vault warden activates a sealing rune.
A door slams shut!
The ironbound convoker points at the vault warden and mumbles some strange words.
The vault warden seems to grow stronger.
The deep troll closely misses you. x2; The deep troll completely misses you.
Something unseen opens the door.
You hit the vault warden.
The vault warden is severely wounded.
A centaur warrior comes into view.
The centaur warrior shouts!
You puncture the vault warden!
The vault warden is severely wounded.
You hear a shout!
You hit the vault warden but do no damage.
The vault warden is severely wounded.
The centaur warrior hits you!
The centaur warrior completely misses you.
The ironbound convoker completely misses you.
The deep troll completely misses you. The deep troll misses you.
The deep troll completely misses you.
The vault warden hits you with a +0 battleaxe of flaming!!
* * * LOW HITPOINT WARNING * * *
A hell rat scurries out from under your cloak.
As you read the scroll of teleportation, it crumbles to dust.
You feel strangely unstable.
The centaur warrior hits you but does no damage.
The centaur warrior kicks you but does no damage.
Your hell rat bites the centaur warrior but does no damage.
The ironbound convoker closely misses you.
The deep troll misses you. The deep troll barely misses you.
The deep troll claws you!
* * * LOW HITPOINT WARNING * * *
A river rat scurries out from under your cloak.
A slime creature comes into view.
The vault warden hits you with a +0 battleaxe of flaming!!
* * * LOW HITPOINT WARNING * * *
The vault warden burns you.
You die...

......'†)#####..#
#...<..#..#
......'.)†)..##^#
#......#..#
.....#.#))>..#.#
#.....)#
.....+.##......#
#......#
#####..#####..#
#......# ##
.###..## .....##
####+#####
#.r[@pp.#
#..cpT..#
#.r...c.#
#.......J
#.......#


You could see a vault warden (strong, ally target), a vault guard, a slime
creature, 2 centaur warriors, a deep troll (strong), an ironbound convoker, a
friendly hell rat and a friendly river rat.

Vanquished Creatures
  Saint Roka (Vaults:1)
  Jorgrun (Orc:2)
  Mlioglotl (Swamp:3)
  The ghost of lotum the Bludgeoner, an adept AtFi of Uskayaw (Snake:4)
  A sphinx (Vaults:1)
  A thorn hunter (Swamp:4)
  Frances (D:12)
  Gastronok (D:10)
  Kirke (Swamp:3)
  The ghost of sirJeffrey23 the Wrestler, an adept TrMo of Ru (Orc:2)
  The ghost of Qehuvis the Warrior, an adept DjFE of Makhleb (Swamp:3)
  4 nagarajas
  Donald (Snake:4)
  5 fenstrider witches
  A vault warden (Vaults:1)
  Aizul (Snake:1)
  A ghoul (Swamp:4)
  4 very ugly things (Vaults:2)
  2 war gargoyles (Vaults:2)
  4 ironbound preservers
  An ironbound thunderhulk (Vaults:1)
  2 dire elephants
  A minotaur (Gauntlet)
  5 eleionomae
  4 bunyips
  A crystal guardian (Vaults:1)
  A blizzard demon (Swamp:4)
  A spectral fenstrider witch (Swamp:3)
  2 fire dragons
  2 salamander tyrants (Snake:4)
  2 yaktaur captains (Vaults:2)
  A great orb of eyes (Vaults:1)
  2 peacekeepers
  Erolcha (D:13)
  A catoblepas (D:15)
  16 hydras
  2 ogre magi
  3 ironbound frosthearts
  Erica (D:8)
  5 centaur warriors
  10 alligators
  6 anacondas
  2 ghost crabs
  10 two-headed ogres
  5 death yaks
  2 boulder beetles
  15 naga warriors
  A tengu warrior (D:14)
  A hell hog (Gauntlet)
  A dancing weapon (Snake:4)
  A spriggan berserker (Swamp:4)
  Sonja (Lair:3)
  Urug (D:10)
  3 skysharks
  6 shock serpents
  12 naga sharpshooters
  2 soul eaters (Swamp:4)
  5 salamander mystics
  Amaemon (D:10)
  5 sea snakes
  2 sixfirhies (Swamp:4)
  4 skeletal warriors (D:14)
  9 goliath frogs
  6 naga ritualists
  4 spriggan druids
  A death drake (Swamp:4)
  3 bog bodies
  10 deep trolls
  2 orc knights
  6 wizards
  The ghost of bmack86 the Chopper, a novice MiFi of Okawaru (D:6)
  7 lindwurms
  3 ironbound convokers
  3 swamp dragons
  A necromancer (Vaults:1)
  4 deep elf pyromancers
  A wolf spider (D:15)
  3 will-o-the-wisps
  5 orc sorcerers
  13 mana vipers
  A stone giant zombie (Vaults:1)
  11 salamanders
  21 ugly things
  3 manticores
  A spectral spriggan (Swamp:3)
  A tengu skeleton (Vaults:1)
  An oklob plant (Lair:1)
  A cyclops (shapeshifter) (D:14)
  7 cyclopes
  A frost giant skeleton (Vaults:1)
  11 elephants
  5 guardian serpents
  24 naga magi
  A guardian serpent (shapeshifter) (D:9)
  A torpor snail (Lair:2)
  3 vault sentinels (Vaults:2)
  42 black mambas
  A human skeleton (Vaults:1)
  7 molten gargoyles
  3 orange demons
  An unseen horror (D:12)
  Psyche (D:10)
  Maggie (D:7)
  A rime drake (shapeshifter) (D:15)
  4 rime drakes
  15 cane toads
  A kobold demonologist (D:11)
  13 komodo dragons
  11 yaktaurs
  2 efreet (Volcano)
  10 trolls
  A polar bear (Lair:3)
  A meliai (shapeshifter) (D:14)
  2 meliai (D:15)
  A bloated husk (Swamp:1)
  5 tyrant leeches
  A hellwing (Swamp:4)
  13 hornets
  16 blink frogs
  5 dream sheep (Lair:4)
  4 shadows
  A centaur simulacrum (D:15)
  18 slime creatures
  10 spriggans
  7 wyverns
  6 fire elementals (Volcano)
  A wraith (D:9)
  41 yaks
  A human (shapeshifter) (D:14)
  2 humans (D:8)
  4 fire bats
  22 vampire mosquitoes
  Grum (D:10)
  3 basilisks
  A chaos spawn (Swamp:4)
  2 steam dragons (D:9)
  4 spriggan simulacra (Swamp:3)
  30 nagas
  3 acid dragons
  3 hell hounds (Lair:5)
  10 swamp worms
  3 death drake simulacra (Swamp:3)
  10 water moccasins
  2 sky beasts
  18 orc warriors
  2 ice beasts
  An ice beast (shapeshifter) (D:14)
  18 ogres
  3 boggarts (Vaults:1)
  23 wolves
  6 centaurs
  2 phantoms
  9 kobold brigands
  Blork the orc (D:6)
  9 bullfrogs
  An elf zombie (Ossuary)
  A gnoll sergeant (D:10)
  An earth elemental (Volcano)
  3 necrophages
  2 scorpions
  A hornet simulacrum (D:14)
  13 killer bees
  2 electric eels
  5 howler monkeys
  3 quasits (D:6)
  6 lava snakes
  8 orc priests
  6 hounds
  6 jellies
  2 human zombies
  Ijyb (D:3)
  3 iguanas
  Natasha (thrice) (D:3)
  19 orc wizards
  2 mummies (Ossuary)
  Robin (D:3)
  12 adders
  12 gnolls
  2 white imps
  2 ufetubi (D:5)
  2 adder zombies (Ossuary)
  2 worms (D:2)
  4 dart slugs
  56 orcs
  11 endoplasms
  A giant cockroach (D:2)
  10 goblins
  8 hobgoblins
  5 quokkas
  2 training dummies (Orc:2)
  6 ball pythons
  A bat (D:1)
  2 frilled lizards
  10 hobgoblin zombies (Ossuary)
  2 jackal zombies (Ossuary)
  31 kobolds
  9 kobold zombies (Ossuary)
  8 orc zombies (Ossuary)
  2 rats (D:3)
  3 rat zombies (Ossuary)
  A bush (Lair:5)
1091 creatures vanquished.

Vanquished Creatures (collateral kills)
  A fenstrider witch (Swamp:4)
  A nagaraja (Snake:4)
  Louise (Snake:4)
  2 eleionomae
  The ghost of greynaab the Skirmisher, a journeyman FoHu of Fedhas (Lair:5)
  A blizzard demon (Swamp:4)
  2 ogre magi
  A spectral fenstrider witch (Swamp:3)
  A great orb of eyes (Vaults:1)
  A centaur warrior (D:9)
  3 hydras
  An alligator (Swamp:3)
  A two-headed ogre (Orc:2)
  A dancing weapon (Orc:2)
  4 death yaks
  2 anacondas
  A death knight (D:14)
  2 naga sharpshooters (Snake:2)
  2 spriggans
  A deep troll (Vaults:1)
  2 sea snakes (Snake:2)
  A naga ritualist (Snake:4)
  2 wizards (Swamp:4)
  An orc knight (D:11)
  A lindwurm (Vaults:2)
  2 ugly things
  A will-o-the-wisp (Swamp:3)
  A salamander (Snake:2)
  3 elephants
  7 naga magi
  4 black mambas
  A molten gargoyle (Lair:5)
  An unseen horror (D:11)
  A komodo dragon (Lair:5)
  A tengu conjurer (D:15)
  A troll (Orc:2)
  A tyrant leech (Swamp:4)
  A meliai (D:14)
  3 hornets
  A dream sheep (Lair:4)
  2 slime creatures (Vaults:1)
  6 yaks
  2 fire bats
  2 wyverns
  A hog (Swamp:3)
  4 vampire mosquitoes
  A steam dragon (D:9)
  A swamp worm (Swamp:4)
  6 nagas
  A hell hound (Gauntlet)
  4 orc warriors
  2 ogres (Orc:1)
  A wolf (Lair:4)
  A centaur (D:9)
  A kobold brigand (D:9)
  6 killer bees
  A lava snake (Lair:3)
  A quasit (D:6)
  An orc priest (D:9)
  6 orc wizards
  4 gnolls (D:10)
  9 orcs
  A training dummy (Orc:2)
130 creatures vanquished.

Vanquished Creatures (others)
  16 hexers
  2 fire vortices (Volcano)
  2 foxfires (Swamp:3)
  35 fungi
  77 plants
  11 toadstools (D:5)
  A withered plant (D:3)
144 creatures vanquished.

Grand Total: 1365 creatures vanquished

Notes
Turn   | Place    | Note
-------+----------+-------------------------------------------
     0 | D:1      | cforsyth the Kobold Brigand began the quest for the Orb.
     0 | D:1      | Reached XP level 1. HP: 12/12 MP: 1/1
    96 | D:1      | Reached XP level 2. HP: 18/18 MP: 2/2
   711 | D:2      | Reached XP level 3. HP: 22/22 MP: 3/3
   962 | D:2      | Found Dexzamif's Book Boutique.
  1398 | D:2      | Reached XP level 4. HP: 27/27 MP: 4/4
  1482 | D:3      | Noticed Natasha
  1508 | D:3      | Killed Natasha
  1600 | D:3      | Reached XP level 5. HP: 32/32 MP: 5/5
  1779 | D:3      | Noticed Natasha
  1787 | D:3      | Killed Natasha
  1890 | D:3      | Noticed Robin
  1891 | D:3      | Noticed Ijyb
  1907 | D:3      | Found a faded altar of an unknown god.
  1934 | D:3      | Killed Ijyb
  1938 | D:3      | Killed Robin
  2702 | D:4      | Noticed an ogre
  2709 | D:4      | Killed an ogre
  2710 | D:4      | Reached XP level 6. HP: 38/38 MP: 6/6
  2815 | D:4      | Reached skill level 5 in Short Blades
  2915 | D:4      | Found Ratiyfao's Magic Scroll Shop.
  2927 | D:4      | Reached XP level 7. HP: 37/43 MP: 7/7
  3798 | D:4      | Found a sparkling altar of Nemelex Xobeh.
  3957 | D:5      | Entered Level 5 of the Dungeon
  3987 | D:5      | Identified a scroll of acquirement
  3987 | D:5      | Acquired a +2 quick blade of electrocution
  4020 | D:5      | Found a sand-covered staircase.
  4025 | D:5      | Identified the +0 scale mail "Huarch" {rC++}
  4029 | Ossuary  | Entered an ossuary
  4282 | Ossuary  | Reached XP level 8. HP: 48/48 MP: 8/8
  4298 | Ossuary  | Reached skill level 5 in Fighting
  4413 | D:5      | Reached skill level 5 in Dodging
  4413 | D:5      | Found a staircase to the Ecumenical Temple.
  4508 | D:5      | Noticed a slime creature
  4512 | D:5      | Killed a slime creature
  4515 | D:5      | Noticed a slime creature
  4520 | D:5      | Noticed a slime creature
  4526 | D:5      | Killed a slime creature
  5053 | D:5      | Reached XP level 9. HP: 55/55 MP: 9/9
  5251 | Temple   | Entered the Ecumenical Temple
  5411 | Temple   | Became a worshipper of Hepliaklqana the Forgotten
  5476 | D:5      | Found a shimmering altar of Xom.
  5915 | D:3      | Noticed Natasha
  5917 | D:3      | Killed Natasha
  6159 | D:6      | Reached skill level 10 in Stealth
  6163 | D:6      | Noticed Blork the orc
  6168 | D:6      | Killed Blork the orc
  6219 | D:6      | Found a transporter.
  6221 | D:6      | Noticed bmack86's ghost (novice MiFi)
  6253 | D:6      | Found a transporter.
  6340 | D:6      | Found a basalt altar of Yredelemnul.
  6770 | D:6      | Reached XP level 10. HP: 63/63 MP: 10/10
  6784 | D:6      | Found an ornate altar of the Wu Jian Council.
  6971 | D:7      | Reached * piety under Hepliaklqana
  6974 | D:7      | Found a shimmering blue altar of Sif Muna.
  6974 | D:7      | Noticed Maggie
  6978 | D:7      | Killed Maggie
  7227 | D:7      | Found Fisak's Antique Armour Emporium.
  7270 | D:7      | Found Fiorux's Weapon Shoppe.
  7314 | D:7      | Found Wacez's Armour Shoppe.
  7343 | D:7      | Found a glowing golden altar of the Shining One.
  7354 | D:7      | Found Hizezayf's Antique Weapon Emporium.
  7749 | D:8      | Found an iron altar of Okawaru.
  7839 | D:8      | Noticed Erica
  7841 | D:8      | Killed Erica
  7842 | D:8      | Reached skill level 10 in Short Blades
  8464 | D:8      | Reached ** piety under Hepliaklqana
  8465 | D:8      | Remembered your ancestor Libusa as a hexer
  8763 | D:8      | Found a blossoming altar of Fedhas.
  8947 | D:9      | Noticed a death yak
  8947 | D:9      | Noticed a death yak
  9200 | D:8      | Reached XP level 11. HP: 56/62 MP: 11/11
  9839 | D:9      | Noticed a centaur warrior
  9844 | D:9      | Identified the ring "Muytoab" {rF+ Str+2 Dex-4 Stlth+}
  9844 | D:9      | Noticed a centaur warrior
  9850 | D:9      | Killed a centaur warrior
  9851 | D:9      | Reached skill level 10 in Dodging
  9857 | D:9      | Killed a centaur warrior
  9885 | D:9      | Noticed a five-headed hydra
  9888 | D:9      | Noticed a deep elf pyromancer
  9890 | D:9      | Killed a five-headed hydra
  9894 | D:9      | Killed a deep elf pyromancer
  9899 | D:9      | Reached skill level 10 in Fighting
  9899 | D:9      | Noticed a cyclops
  9921 | D:9      | Killed a cyclops
  9939 | D:9      | Noticed a cyclops
 10308 | D:10     | Entered Level 10 of the Dungeon
 10310 | D:10     | Noticed Urug
 10310 | D:10     | Noticed Psyche
 10314 | D:10     | Killed Psyche
 10315 | D:10     | Reached XP level 12. HP: 62/70 MP: 12/12
 10316 | D:10     | Killed Urug
 10341 | D:10     | Found a flagged portal.
 10352 | Bailey   | Entered a bailey
 10713 | Bailey   | Found a large runed translucent door.
 10719 | Bailey   | Found a large runed translucent door.
 10875 | Bailey   | Identified the +0 hand axe of a wizard's laboratory {spect,
                  | rPois rC- Str+3}
 10878 | Bailey   | Identified the +5 chain mail of the Armadillo {Dex+4}
 10989 | D:10     | Found a shadowy altar of Dithmenos.
 11080 | D:10     | Noticed a two-headed ogre
 11095 | D:10     | Killed a two-headed ogre
 11217 | D:10     | Noticed Gastronok
 11628 | D:10     | Noticed Grum
 11641 | D:10     | Killed Grum
 11787 | D:10     | Noticed Amaemon
 11788 | D:10     | Reached *** piety under Hepliaklqana
 11844 | D:10     | Killed Amaemon
 12277 | D:9      | Found a radiant altar of Vehumet.
 12355 | D:9      | Reached skill level 15 in Stealth
 12368 | D:9      | Noticed a death yak
 12911 | D:9      | Noticed a death yak
 12922 | D:10     | Killed a death yak
 12999 | D:9      | Killed a death yak
 13404 | D:9      | Noticed a death yak
 13406 | D:9      | Noticed a death yak
 13543 | D:9      | Reached XP level 13. HP: 75/75 MP: 13/13
 13722 | D:9      | Got the Enchiridion on Topological Accomplices
 13830 | D:9      | Found a staircase to the Lair.
 15103 | D:11     | Found Guihee's Armour Emporium.
 15103 | D:11     | Found a staircase to the Orcish Mines.
 15519 | D:11     | Reached **** piety under Hepliaklqana
 16587 | D:7      | Bought the +4 moon troll leather armour {Spirit, Regen++
                  | MP+5} for 708 gold pieces
 16587 | D:7      | Found the +4 moon troll leather armour {Spirit, Regen++
                  | MP+5}
 17006 | D:12     | Noticed Frances
 17026 | D:12     | Killed Frances
 18280 | Lair:1   | Entered Level 1 of the Lair of Beasts
 18284 | Lair:1   | Reached ***** piety under Hepliaklqana
 18546 | Lair:1   | Found a radiant altar of Vehumet.
 18654 | Lair:1   | Reached skill level 15 in Short Blades
 18811 | Lair:1   | Reached XP level 14. HP: 72/82 MP: 14/14
 19518 | Lair:2   | Got the Disquisition on Fulgent Nausea
 20398 | Lair:3   | Noticed Sonja
 20408 | Lair:3   | Killed Sonja
 20646 | Lair:3   | Found a dark tunnel.
 20652 | Volcano  | Entered a volcano
 20808 | Volcano  | Identified the +2 pair of boots of the Blind Marksman
                  | {Drain MP+9 Int+3 Stlth+}
 21111 | Lair:3   | Found a staircase to the Snake Pit.
 21402 | Lair:3   | Reached skill level 15 in Dodging
 21448 | Lair:3   | Acquired a manual of Dodging
 21469 | Lair:3   | Reached XP level 15. HP: 87/90 MP: 15/15
 21581 | Lair:3   | Found a staircase to the Swamp.
 21814 | Lair:3   | Identified the +11 quarterstaff of the Uplifting Salmon
                  | {venom, Int+3}
 23138 | Lair:5   | Entered Level 5 of the Lair of Beasts
 23412 | Lair:5   | Found a large runed translucent door.
 23445 | Lair:5   | Found a large runed translucent door.
 23969 | Lair:5   | Reached ****** piety under Hepliaklqana
 24051 | Lair:5   | Found a runed translucent gate.
 24051 | Lair:5   | Found a runed translucent gate.
 24052 | Lair:5   | Found a runed translucent gate.
 24181 | Lair:5   | Found a staircase to the Slime Pits.
 24220 | Lair:5   | Noticed greynaab's ghost (journeyman FoHu)
 24591 | Lair:5   | Identified the ring "Avinita" {rC+ rN+ Dex+5}
 24695 | Lair:5   | Killed greynaab's ghost
 24771 | Lair:5   | Identified the +6 broad axe of the Goat {freeze, rPois
                  | Will- Int+7 Stlth+}
 24937 | D:10     | Killed Gastronok
 24985 | Orc:1    | Entered Level 1 of the Orcish Mines
 25119 | Orc:2    | Entered Level 2 of the Orcish Mines
 25140 | Orc:2    | Reached skill level 15 in Fighting
 25182 | Orc:2    | Found a shimmering altar of Xom.
 25268 | Orc:2    | Found a staircase to the Elven Halls.
 25898 | Orc:2    | Found Nileg's Assorted Antiques.
 26013 | Orc:2    | Reached XP level 16. HP: 94/97 MP: 16/16
 26236 | Orc:2    | Found Yriutzamn's Magic Scroll Shop.
 26253 | Orc:2    | Found Keodameo's Book Emporium.
 26288 | Orc:2    | Found Fiasusit's Assorted Antiques.
 26293 | Orc:2    | Bought a warped granite ring for 170 gold pieces
 26293 | Orc:2    | Identified the ring of Imyfobb {Wiz rElec} (You bought it
                  | in a shop on level 2 of the Orcish Mines)
 26347 | Orc:2    | Found a runed translucent door.
 26347 | Orc:2    | Found a shimmering altar of Xom.
 26347 | Orc:2    | Noticed sirJeffrey23's ghost (adept TrMo)
 26520 | Orc:2    | Noticed Jorgrun
 26540 | Orc:2    | Killed Jorgrun
 26563 | Orc:2    | Found a bloodstained altar of Trog.
 26680 | Orc:2    | Found Ceefrew's Firing Range.
 26704 | Orc:2    | Bought a manual of Ranged Weapons for 1040 gold pieces
 26800 | Orc:2    | Reached skill level 1 in Ranged Weapons
 26914 | Orc:2    | Killed sirJeffrey23's ghost
 27108 | D:6      | Killed bmack86's ghost
 27416 | D:13     | Noticed Erolcha
 27420 | D:13     | Killed Erolcha
 27833 | D:14     | Found a gate to the Vaults.
 27978 | D:14     | Reached skill level 5 in Ranged Weapons
 28023 | D:14     | Found a gate leading to a gauntlet.
 28029 | Gauntlet | Entered a Gauntlet
 28029 | Gauntlet | Found a transporter.
 28029 | Gauntlet | Found a transporter.
 28083 | Gauntlet | Found a transporter.
 28091 | Gauntlet | Found a transporter.
 28113 | Gauntlet | Found a transporter.
 28123 | Gauntlet | Found a transporter.
 28204 | Gauntlet | Found a transporter.
 28219 | Gauntlet | Found a transporter.
 28241 | Gauntlet | Found a transporter.
 28251 | Gauntlet | Found a transporter.
 28337 | Gauntlet | Found a transporter.
 28360 | Gauntlet | Found a transporter.
 28361 | Gauntlet | Found the +2 ratskin cloak {*Rats rPois rN+ Str-1 Int-1
                  | Dex+1}
 28369 | Gauntlet | Found a transporter.
 28369 | Gauntlet | Found a transporter.
 28394 | Gauntlet | Found a transporter.
 28414 | Gauntlet | Found a transporter.
 28802 | Gauntlet | Paralysed by a hornet for 2 turns
 29012 | Gauntlet | Identified the +1 helmet of Parts Unknown {rPois rF- Str+3}
 29816 | D:15     | Entered Level 15 of the Dungeon
 30039 | D:15     | Reached XP level 17. HP: 103/103 MP: 17/17
 30135 | D:15     | Found a staircase to the Depths.
 31187 | Snake:1  | Entered Level 1 of the Snake Pit
 31543 | Snake:1  | Found a runed translucent gate.
 31543 | Snake:1  | Found a runed translucent gate.
 31543 | Snake:1  | Found a runed translucent gate.
 31875 | Snake:1  | Reached skill level 10 in Ranged Weapons
 32043 | Snake:1  | Noticed Aizul
 32075 | Snake:1  | Killed Aizul
 32610 | Snake:1  | Found Cetioff's Jewellery Boutique.
 32610 | Snake:1  | Found Cuixkamm's Jewellery Boutique.
 32611 | Snake:1  | Found Quonohua's Book Emporium.
 32626 | Snake:1  | Bought the amulet "Saakladu" {rElec rPois Regen+ Str+3
                  | Int-4} for 691 gold pieces
 33324 | Snake:2  | Got the Folio of Clouds and Glamour
 33530 | Snake:2  | Found Haigi's Book Shop.
 33936 | Snake:2  | Reached XP level 18. HP: 109/109 MP: 18/18
 35869 | Snake:4  | Entered Level 4 of the Snake Pit
 36001 | Snake:4  | Reached skill level 1 in Shields
 36136 | Snake:4  | Identified the ring of Equilibrium {rF++ rC+}
 36212 | Snake:4  | Noticed Donald
 36216 | Snake:4  | Killed Donald
 36883 | Snake:4  | Noticed Louise
 36903 | Snake:4  | Killed Louise
 36955 | Snake:4  | Found the +10 dark maul {heavy}
 37091 | Snake:4  | Found a runed translucent door.
 37092 | Snake:4  | Found a shimmering altar of Xom.
 37092 | Snake:4  | Noticed lotum's ghost (adept AtFi)
 37276 | Snake:4  | Reached XP level 19. HP: 115/115 MP: 19/19
 37499 | Snake:4  | Got a serpentine rune of Zot
 37755 | Snake:4  | Killed lotum's ghost
 37948 | Swamp:1  | Entered Level 1 of the Swamp
 38347 | Swamp:1  | Acquired 681 gold pieces
 39809 | Swamp:3  | Noticed Mlioglotl
 39814 | Swamp:3  | Paralysed by a fenstrider witch for 2 turns
 39826 | Swamp:3  | Killed Mlioglotl
 39925 | Swamp:3  | Noticed Kirke
 39929 | Swamp:3  | Killed Kirke
 40183 | Swamp:3  | Found a runed translucent gate.
 40183 | Swamp:3  | Found a runed translucent gate.
 40209 | Swamp:3  | Found a runed translucent gate.
 40357 | Swamp:3  | Noticed Qehuvis's ghost (adept DjFE)
 40361 | Swamp:3  | Reached skill level 5 in Shields
 40375 | Swamp:3  | Killed Qehuvis's ghost
 40409 | Swamp:4  | Entered Level 4 of the Swamp
 40582 | Swamp:4  | Reached XP level 20. HP: 122/122 MP: 20/20
 40981 | Swamp:4  | Got a decaying rune of Zot
 41743 | Vaults:1 | Entered Level 1 of the Vaults
 42392 | Vaults:1 | Noticed Saint Roka
 42425 | Vaults:1 | Killed Saint Roka
 43002 | Vaults:1 | a fenstrider witch changed into a golden dragon
 43002 | Vaults:1 | Noticed a golden dragon (glowing shapeshifter)
 43009 | Vaults:1 | Noticed a caustic shrike
 43011 | Vaults:1 | a caustic shrike changed into a golden dragon
 43011 | Vaults:1 | Noticed a golden dragon (glowing shapeshifter)
 43017 | Vaults:1 | a golden dragon changed into a shadow dragon
 43023 | Vaults:1 | an iron dragon changed into a juggernaut
 43023 | Vaults:1 | Noticed a juggernaut (glowing shapeshifter)
 43431 | Vaults:2 | Found a staircase to the Crypt.
 43431 | Vaults:2 | Found a basalt altar of Yredelemnul.
 43431 | Vaults:2 | Found an ancient bone altar of Kikubaaqudgha.
 43492 | Vaults:2 | Reached XP level 21. HP: 128/129 MP: 21/21
 43568 | Vaults:2 | Reached skill level 10 in Shields
 43790 | Vaults:2 | HP: 1/130 [vault warden/+0 battleaxe of flaming (26)]
 43790 | Vaults:2 | Slain by a vault warden

Illustrated notes

Levels and vault maps discovered:
D:1:      amcnicky_arrival_abandoned_market, layout_basic
D:2:      layout_loops_cross, serial_shops, shop, serial_bayou_pond_b
D:3:      layout_loops_corners, shapermc_ecumenical_altar_flowoftime,
          dreamdust_wishing_well, minivault_25, nicolae_goblin_pals,
          uniq_natasha
D:4:      layout_loops_cross, mainiacjoe_overflow_chevrons, serial_shops,
          nicolae_square_shop, roderic_lattice_a,
          hangedman_abyss_or_decor_lesser_grid
D:5:      cheibrodos_fertilizer, layout_loops_ring, lemuel_tele_altar,
          temple_fountains, enter_ossuary_1, minmay_misc_feat_square,
          kennysheep_generic_room_7
D:6:      layout_loops_ring, mainiacjoe_overflow_cross_hatched,
          nicolae_overflow_hidden_temple, gammafunk_ghost_stat_death,
          uniq_blork_the_orc
D:7:      layout_basic, tso_oasis_becter, mainiacjoe_overflow_six_doors_small,
          serial_shops, nicolae_shop_window_shopping, nicolae_lakefront_shop,
          nicolae_shop_trees, shop_coins, hangedman_decor_growths, uniq_maggie
D:8:      layout_loops_corners, okawaru_humans, fedhas_altar_fruit_tree,
          uniq_erica
D:9:      minmay_the_grid_octo_triangle [minmay_the_grid_octo_focus,
          minmay_the_grid_octo_prize_ultimate_mussel_roller,
          minmay_the_grid_octo_odd_swirl], layout_basic,
          nicolae_overflow_crystal_walls, dpeg_lair_monsters, serial_curves,
          eino_curves_03, eino_curves_01, eino_curves_03,
          chequers_serial_rivers_large_b, st_stairs_6
D:10:     layout_loops_ring, grunt_dithmenos_smoke_and_mirrors,
          lightli_bailey_entry_fortress, uniq_urug, uniq_grum, uniq_gastronok,
          uniq_amaemon, uniq_psyche
D:11:     layout_gridville, orc_david_3
D:12:     layout_stronghold, abandoned_shop, minmay_misc_feat_enclosed,
          uniq_frances
D:13:     layout_cave_pools, uniq_erolcha
D:14:     layout_loops_ring, david_vaults_2, gauntlet_entry_generic,
          minivault_10
D:15:     hangedman_depths_entry_try_elsewhere_first, layout_cave_pools,
          chequers_serial_rivers_large_a, nicolae_figureground_pulse
Temple:   nicolae_temple_two_arcs
Lair:1:   layout_long_grid, chequers_serial_rivers_micro_b, lemuel_oklob_altar
Lair:2:   layout_regular_city, beast_lair_carwin_3, infiniplex_staircase_pool
Lair:3:   layout_loops_ring, minmay_swamp_entry_swarm,
          nicolae_snake_entry_warm_welcome, lightli_volcano_entry_magma_tube,
          uniq_sonja
Lair:4:   layout_small_grid
Lair:5:   cheibrodos_lair_end_hotspot, layout_regular_city,
          dpeg_slime_entry_enclosed, gammafunk_ghost_hydra_chop, serial_forest,
          infiniplex_forest_straight_5, infiniplex_forest_straight_2,
          infiniplex_forest_lined_2, infiniplex_forest_join,
          infiniplex_forest_straight_1, infiniplex_forest_lined_room_2,
          infiniplex_forest_clump_small, infiniplex_forest_end_1,
          infiniplex_forest_end_3
Swamp:1:  layout_falls_marsh, evilmike_swamp_ruin_house_4
Swamp:2:  nicolae_swamp_long_stream, layout_falls_marsh,
          hangedman_swamp_ruin_wall, swamp_pool1, st_swamp_mini
Swamp:3:  layout_falls_marsh, gammafunk_ghost_necromancy,
          evilmike_swamp_ruin_house_5, swamp_pool1, uniq_mlioglotl, uniq_kirke
Swamp:4:  nzn_swamp_witches_coven, layout_basic_swamp
Snake:1:  layout_layer_cave, nicolae_snake_horde_hoard, minmay_shop_grove,
          uniq_aizul
Snake:2:  nicolae_sea_snake_s, layout_layer_cave, serial_shops, shop,
          grunt_megastairs_4, serial_bayou_shore_a
Snake:3:  layout_onion_interference, lemuel_fruit_tree
Snake:4:  snake_pit, layout_cave_town, ebering_ghost_xom, uniq_louise,
          uniq_donald
Orc:1:    layout_caves, basic_altar
Orc:2:    st_orc_open, layout_caves, ebering_ghost_xom,
          hangedman_feature_mirror, nicolae_shop_firing_range, uniq_jorgrun
Vaults:1: nicolae_vaults_little_squares_3, v_rooms_3, vaults_room_large_hall,
          v_misc_16, v_misc_8, hangedman_vaults_stagger,
          nicolae_vaults_little_squares_3, grunt_vaults_twisty, v_misc_2,
          nicolae_vaults_specimen_jars, nicolae_vaults_little_squares_6,
          ontoclasm_vaults_ligature, vaults_room_door_hall,
          layout_vaults_omnibox, uniq_saint_roka
Vaults:2: grunt_vaults_funnel, nicolae_vaults_border_crossing,
          ontoclasm_vaults_eye, nicolae_vaults_network_quinsquares
          [nicolae_vaults_network_quincunx_subvault,
          nicolae_vaults_network_quincunx_subvault,
          nicolae_vaults_network_quincunx_subvault,
          nicolae_vaults_network_quincunx_subvault],
          minmay_crypt_entry_necro_gods, hangedman_vaults_trim,
          vaults_dpeg_ring, v_misc_3, vaults_room_grid, v_alt_pattern_1,
          nicolae_vaults_angled_halls, layout_vaults_maze, serial_shops,
          nicolae_shop_crystal

Skill      XL: |  1  2  3  4  5  6  7  8  9 10 11 12 13 14 15 16 17 18 19 20 21 |
---------------+----------------------------------------------------------------+-----
Short Blades   | 3 4 5 7 8 10 12 13 15 16 17 18 19 20 21 | 21.2
Dodging        | 2 3 4 6 7 9 10 12 13 15 17 19 20 21 22 23 | 23.4
Fighting       | 3 4 6 7 8 10 11 12 14 15 16 17 18 19 | 19.8
Stealth        | 6 7 9 10 12 13 15 16 18 19 20 21 22 23 | 23.3
Ranged Weapons | 7 11 14 | 14.0
Shields        | 2 5 9 10 | 10.0
Throwing       | |  2.1

Action                     |  1- 3 |  4- 6 |  7- 9 | 10-12 | 13-15 | 16-18 | 19-21 || total
---------------------------+-------+-------+-------+-------+-------+-------+-------++-------
  Melee: Dagger            |    68 |   110 |   111 |       |       |       |       ||   289
         Punch             |     1 |       |     6 |    13 |    26 |    35 |    18 ||    99
         Quick blade       |       |       |   328 |   541 |  1302 |  1678 |  1075 ||  4924
   Fire: Greatsling        |       |       |       |    26 |    52 |    16 |   115 ||   209
 Invoke: Recall Ancestor   |       |       |       |     2 |     3 |     2 |       ||     7
         Ancestor Life: He |       |       |       |     1 |       |       |       ||     1
    Use: Potion            |       |     3 |       |       |       |     1 |       ||     4
         Scroll            |       |       |    10 |     3 |    10 |    14 |     7 ||    44
   Stab: Sleeping          |    17 |    11 |    31 |    20 |    63 |    44 |    30 ||   216
         Distracted        |       |     1 |     7 |     6 |    22 |    22 |    12 ||    70
         Confused          |       |       |       |     8 |    30 |    21 |    51 ||   110
         Paralysed         |       |       |       |       |    21 |    37 |    34 ||    92
         Invisible         |       |       |       |       |       |     2 |       ||     2
 Armour: Robe              |     5 |     6 |       |       |       |       |       ||    11
         Skin              |       |    27 |       |       |       |       |       ||    27
         Ring mail         |       |    12 |    56 |       |       |       |       ||    68
         Steam dragon scal |       |       |       |    37 |     8 |       |       ||    45
         Troll leather arm |       |       |       |       |    63 |    93 |    64 ||   220
  Dodge: Dodged            |    27 |    47 |   166 |   327 |   636 |  1040 |   604 ||  2847

Table legend: (Time is in decaauts)
 A = Elapsed time spent in this place.
 B = Non-inter-level travel time spent in this place.
 C = Inter-level travel time spent in this place.
 D = Time resting spent in this place.
 E = Time spent auto-exploring this place.
 F = Levels seen in this place.
 G = Mean time per level.
                   A        B        C        D        E       F      G
               +--------+--------+--------+--------+--------+-----+--------+
         Total |  40733 |  38240 |   2493 |   5054 |  26155 |  37 | 1100.9 |
       Dungeon |  19631 |  17933 |   1698 |   3906 |  11378 |  15 | 1308.7 |
        Temple |    169 |    160 |      9 |      0 |    135 |   1 |  169.0 |
          Lair |   5876 |   5475 |    401 |     84 |   4477 |   5 | 1175.2 |
         Swamp |   3478 |   3328 |    150 |     77 |   2576 |   4 |  869.5 |
     Snake Pit |   5955 |   5801 |    154 |    354 |   4483 |   4 | 1488.8 |
  Orcish Mines |   1726 |   1666 |     60 |    245 |   1063 |   2 |  863.0 |
        Vaults |   1705 |   1687 |     18 |    178 |   1204 |   2 |  852.5 |
       Ossuary |    277 |    277 |      0 |      4 |    107 |   1 |  277.0 |
        Bailey |    532 |    532 |      0 |    200 |    184 |   1 |  532.0 |
       Volcano |    349 |    349 |      0 |      0 |    142 |   1 |  349.0 |
      Gauntlet |   1030 |   1030 |      0 |      6 |    406 |   1 | 1030.0 |
               +--------+--------+--------+--------+--------+-----+--------+

Top non-repeatable levels by time:
     D:8: 2584 daAuts
     D:9: 2553 daAuts
    D:10: 2184 daAuts
 Snake:1: 1846 daAuts
 Snake:4: 1621 daAuts
 Snake:2: 1610 daAuts
    D:11: 1608 daAuts
  Lair:5: 1527 daAuts
     D:3: 1385 daAuts
Vaults:1: 1344 daAuts
     D:5: 1342 daAuts
  Lair:3: 1314 daAuts
     D:4: 1256 daAuts
    D:12: 1228 daAuts
    D:14: 1163 daAuts
